 Dungeon Crawl Stone Soup version 0.23-a0-204-g3eb00d1601 (webtiles) character file.

5039 Jesh the Unseen (level 10, -6/49 HPs)
             Began as a Spriggan Enchanter on Sept 24, 2018.
             Was a Priest of Dithmenos.
             Mangled by a two-headed ogre
             ... wielding a +0 giant club
              (21 damage)
             ... on level 8 of the Dungeon.
             The game lasted 00:34:40 (8254 turns).

Jesh the Unseen (Spriggan Enchanter)                Turns: 8254, Time: 00:34:40

Health: -6/49      AC:  4    Str:  6    XL:     10   Next: 30%
Magic:  3/21       EV: 23    Int: 22    God:    Dithmenos [***...]
Gold:   294        SH:  0    Dex: 18    Spells: 11/23 levels left

rFire    + . .     SeeInvis +   n - +4 dagger (drain)
rCold    . . .     Gourm    .   (shield restricted)
rNeg     + . .     Faith    .   b - +0 robe
rPois    .         Spirit   .   (helmet restricted)
rElec    .         Reflect  .   c - +1 cloak
rCorr    .         Harm     .   (gloves unavailable)
MR       +....                  (boots unavailable)
Stlth    +++++++++.             p - amulet of the acrobat
HPRegen  0.16/turn              j - ring of positive energy
MPRegen  0.17/turn              l - ring of protection from fire

@: brilliant, very slightly contaminated, wreathed by umbra, very quick
A: very small, unfitting armour, see invisible, herbivore, speed 3, slow
metabolism 2
a: Shadow Step, Renounce Religion


You were on level 8 of the Dungeon.
You worshipped Dithmenos.
Dithmenos was most pleased with you.
You were not hungry.

You visited 2 branches of the dungeon, and saw 9 of its levels.
You also visited: Ossuary.

You collected 294 gold pieces.

Inventory:

Hand Weapons
 a - a +1 dagger
 k - a +0 rapier of freezing
 n - a +4 dagger of draining (weapon)
Missiles
 q - 2 throwing nets (quivered)
Armour
 b - a +0 robe (worn)
 c - a +1 cloak (worn)
 h - a scarf of resistance
Jewellery
 j - a ring of positive energy (left hand)
 l - a ring of protection from fire (right hand)
 p - an amulet of the acrobat (around neck)
 x - an uncursed ring of magical power {unknown}
 A - an uncursed ring of protection from magic {unknown}
 B - an uncursed ring of fire {unknown}
Wands
 o - a wand of polymorph (31)
 u - a wand of disintegration (10)
 v - a wand of digging (9)
Scrolls
 g - 3 scrolls of magic mapping
 s - a scroll of amnesia
 y - 3 scrolls of remove curse
 H - a scroll of immolation
Potions
 e - 4 potions of agility
 f - 3 potions of curing
 i - 4 potions of lignification
 m - a potion of resistance
 r - a potion of brilliance
 w - a potion of ambrosia {unknown}
 z - a potion of might
 C - a potion of magic {unknown}
 E - a potion of mutation {unknown}
 G - 6 potions of degeneration {unknown}
Comestibles
 d - 14 rations


   Skills:
 + Level 3.3 Fighting
 + Level 4.7 Short Blades
 + Level 7.0 Dodging
 + Level 16.1 Stealth
 + Level 7.1 Spellcasting
 + Level 7.4 Hexes


You had 11 spell levels left.
You knew the following spells:

 Your Spells              Type           Power        Failure   Level  Hunger
a - Ensorcelled Hibernat  Hex/Ice        #####.       1%          2    None
b - Corona                Hex            ######.      1%          1    None
c - Confuse               Hex            ######..     1%          3    None
d - Tukima's Dance        Hex            ######..     1%          3    None
e - Dazzling Spray        Conj/Hex       #####.       1%          3    None

Your spell library contained the following spells:

 Spells                   Type           Power        Failure   Level  Hunger


Dungeon Overview and Level Annotations

Branches:
Dungeon (8/15)             Temple (1/1) D:5            Lair (0/6) D:8

Altars:
Cheibriados
Dithmenos
Elyvilon
Gozag
Hepliaklqana
Kikubaaqudgha
Makhleb
Nemelex Xobeh
Okawaru
Sif Muna
Trog
Uskayaw
Vehumet
Wu Jian
Zin
The Shining One

Shops:
D:4 :

Annotations:
D:8 Harold, Psyche


Innate Abilities, Weirdness & Mutations

You are very small and have problems with some larger weapons.
You are too small for most types of armour.
You have supernaturally acute eyesight. (SInv)
You are a herbivore.
You cover ground extremely quickly.
You need to consume almost no food.


Message History

The two-headed ogre completely misses you.
The two-headed ogre misses you. Harold barely misses you.
Casting: Ensorcelled Hibernation (safe; 3% risk of failure)
Confirm with . or Enter, or press ? or * to list all spells.
Aiming: Ensorcelled Hibernation (safe; 3% risk of failure)
Press: ? - help, Shift-Dir - straight line, f/p - two-headed ogre
Aim: a two-headed ogre, wielding a giant club and a giant spiked club (grey The two-headed ogre easily resists.
The orc closely misses you. The two-headed ogre misses you. x2
Casting: Ensorcelled Hibernation (safe; 3% risk of failure)
Confirm with . or Enter, or press ? or * to list all spells.
Aiming: Ensorcelled Hibernation (safe; 3% risk of failure)
Press: ? - help, Shift-Dir - straight line, f/p - two-headed ogre
Aim: a two-headed ogre, wielding a giant club and a giant spiked club (grey The two-headed ogre easily resists.
You hear a soft click.
Harold misses you. The orc closely misses you.
It was a potion of brilliance.
You feel clever all of a sudden.
The two-headed ogre hits you with a giant club!!
You die...

#...**,,,,,,,,,,,,,,*
#...,****##****,,,,,,
#.o#..#*....# *,***,#
#.t#*..##.#.# *>,,,.o
#..###..#.#.# *,,,,..
#§§#§##...#.# *,####o
*#§#§§##..#.# *,#.(oo
#§@Ot§##.#.###.#o#.Z
#§#@§##..#.....#.#.o
#.#o##..Z..#####.#Zo
#.###.lo.##.ZZ...#.@
#.##...###########..
#l#..#.###*_,*⌠*##..
#........#*,,,,8#...
##...#####**,,**#...
##### *,,,,,,#...
***,,**#...


You could see Harold, a two-headed ogre, a crocodile and an orc.

Vanquished Creatures
  2 two-headed ogres
  A troll (D:4)
  A spriggan (D:7)
  The ghost of Heliocid the Conjurer, an amateur TeCj of Sif Muna (D:4)
  A water moccasin (D:8)
  4 porcupines (D:8)
  An orc warrior (D:6)
  2 phantoms
  2 ice beasts
  A black bear (D:7)
  2 sky beasts (D:5)
  An ogre (D:8)
  2 centaurs
  6 bullfrogs
  4 wights (D:6)
  A killer bee (D:8)
  A howler monkey (D:6)
  4 crimson imps
  2 hounds
  3 centaur zombies
  7 orc priests
  A centaur skeleton (D:7)
  Terence (D:3)
  2 iguanas
  Ijyb (D:3)
  7 orc wizards
  4 worker ants
  2 big kobold zombies (Ossuary)
  A hound zombie (D:7)
  5 mummies (Ossuary)
  6 adders
  2 shadow imps
  4 oozes
  2 dart slugs
  A worm (D:3)
  5 leopard geckos
  23 orcs
  3 bats
  5 giant cockroaches
  3 gnoll zombies (Ossuary)
  9 goblins
  9 hobgoblins
  11 jackals
  8 kobolds
  A quokka (D:6)
  3 ball pythons
  7 frilled lizards
  A hobgoblin zombie (Ossuary)
  A leopard gecko skeleton (D:6)
  A quokka skeleton (D:5)
  7 rats
185 creatures vanquished.

Vanquished Creatures (others)
  A dancing weapon (D:3)
  A mummy (D:8)
  A quokka (D:5)
  6 fungi (D:8)
  4 toadstools (D:1)
13 creatures vanquished.

Grand Total: 198 creatures vanquished

Notes
Turn   | Place    | Note
-------+----------+-------------------------------------------
     0 | D:1      | Jesh the Spriggan Enchanter began the quest for the Orb.
     0 | D:1      | Reached XP level 1. HP: 9/9 MP: 5/5
   146 | D:1      | Reached XP level 2. HP: 13/13 MP: 5/7
   150 | D:1      | Learned a level 2 spell: Ensorcelled Hibernation
   714 | D:1      | Reached XP level 3. HP: 15/16 MP: 9/9
   719 | D:1      | Learned a level 3 spell: Confuse
   723 | D:1      | Learned a level 3 spell: Tukima's Dance
  1019 | D:2      | You fall through a shaft!
  1035 | D:3      | Noticed Terence
  1080 | D:3      | Killed Terence
  1080 | D:3      | Reached XP level 4. HP: 20/21 MP: 1/11
  1093 | D:3      | Reached skill level 5 in Hexes
  1540 | D:2      | Reached skill level 5 in Stealth
  1870 | D:2      | Reached XP level 5. HP: 24/24 MP: 7/12
  2177 | D:2      | Found a burning altar of Makhleb.
  2181 | D:2      | Reached skill level 6 in Stealth
  2350 | D:3      | Found a shadowy altar of Dithmenos.
  2365 | D:3      | Became a worshipper of Dithmenos the Shadowed
  2758 | D:3      | Noticed Ijyb
  2775 | D:3      | Killed Ijyb
  2775 | D:3      | Reached skill level 7 in Stealth
  3070 | D:4      | Found a runed gate.
  3070 | D:4      | Found a runed gate.
  3070 | D:4      | Found a runed gate.
  3074 | D:4      | Noticed Heliocid's ghost (amateur TeCj)
  3100 | D:4      | Killed Heliocid's ghost
  3100 | D:4      | Reached skill level 8 in Stealth
  3100 | D:4      | Reached XP level 6. HP: 28/28 MP: 7/13
  3307 | D:4      | Found Bouw's Book Shop.
  3390 | D:4      | Noticed a two-headed ogre
  3392 | D:4      | Noticed a troll
  3393 | D:4      | Killed a two-headed ogre
  3393 | D:4      | Reached skill level 12 in Stealth
  3393 | D:4      | Reached XP level 7. HP: 32/32 MP: 14/14
  3396 | D:4      | Killed a troll
  3396 | D:4      | Reached skill level 13 in Stealth
  3396 | D:4      | Reached XP level 8. HP: 36/36 MP: 15/15
  3665 | D:4      | Reached skill level 14 in Stealth
  4172 | D:5      | Entered Level 5 of the Dungeon
  4217 | D:5      | Reached * piety under Dithmenos
  4339 | D:5      | Found a white marble altar of Elyvilon.
  4618 | D:5      | Reached skill level 15 in Stealth
  4647 | D:5      | Learned a level 3 spell: Dazzling Spray
  4791 | D:5      | Reached skill level 5 in Spellcasting
  4903 | D:5      | Found a staircase to the Ecumenical Temple.
  4911 | Temple   | Entered the Ecumenical Temple
  5281 | D:6      | Reached skill level 1 in Fighting
  5323 | D:6      | Reached XP level 9. HP: 41/41 MP: 5/17
  5693 | D:6      | Found an ancient bone altar of Kikubaaqudgha.
  6032 | D:6      | Reached ** piety under Dithmenos
  6363 | D:7      | Reached skill level 5 in Dodging
  6456 | D:7      | Found a hide-covered altar of Uskayaw.
  6768 | D:7      | Found a sparkling altar of Nemelex Xobeh.
  7385 | D:8      | Noticed Psyche
  7408 | D:8      | Reached XP level 10. HP: 25/48 MP: 4/20
  7533 | D:8      | Noticed a two-headed ogre
  7544 | D:8      | Reached skill level 16 in Stealth
  7549 | D:8      | Killed a two-headed ogre
  7549 | D:8      | Reached *** piety under Dithmenos
  7554 | D:8      | Noticed Harold
  7574 | D:8      | Noticed a two-headed ogre
  7602 | D:8      | Found a sand-covered staircase.
  7613 | Ossuary  | Entered an ossuary
  8254 | D:8      | Mangled by a two-headed ogre

Vault maps used:
D:1:      ldierk_walled_garden_2
D:2:      makhleb_grotto_becter
D:3:      minmay_door_path, grunt_dithmenos_smoke_and_mirrors, first_ration,
          uniq_ijyb, uniq_terence
D:4:      serial_shops, shop, ebering_ghost_rock_garden, minmay_small_thing
D:5:      elyvilon_altar_4, minmay_temple_entry_statues
D:6:      kiku_gazebo_pond_becter
D:7:      eat_drink_and_be_merry_uskayaw, lemuel_doored_altar, the_bakery,
          hangedman_decor_opposing
D:8:      grunt_temple_overflow_diamond, minitemple,
          due_lair_maze_entry_diamond, serial_shops,
          nicolae_shop_overgrown_old_shop, gup_ossuary_entry_pyramid,
          kennysheep_kite_vault, uniq_harold, uniq_psyche
Temple:   cyrus_temple_forest
Ossuary:  ossuary_crypta

Skill      XL: |  1  2  3  4  5  6  7  8  9 10 |
---------------+-------------------------------+-----
Spellcasting   | 3 4 5 6 7 |  7.1
Hexes          | 4 5 7 |  7.4
Stealth        | 5 8 12 13 15 16 | 16.1
Fighting       | 1 2 3 |  3.3
Short Blades   | 2 4 |  4.7
Dodging        | 6 7 |  7.0

Action                   |  1- 3 |  4- 6 |  7- 9 | 10-12 || total
-------------------------+-------+-------+-------+-------++-------
Melee: Dagger            |    56 |   144 |   199 |   105 ||   504
 Cast: Corona            |     4 |       |       |       ||     4
       Ensorcelled Hiber |    17 |    15 |    33 |    11 ||    76
       Confuse           |       |     5 |    11 |    11 ||    27
       Tukima's Dance    |       |     1 |       |       ||     1
       Dazzling Spray    |       |       |    11 |     4 ||    15
Evoke: Wand              |     8 |     1 |       |     1 ||    10
  Use: Scroll            |     2 |     7 |     5 |     4 ||    18
       Potion            |       |       |       |     7 ||     7
 Stab: Sleeping          |    19 |    25 |    47 |     5 ||    96
       Paralysed         |     5 |       |       |       ||     5
       Confused          |       |     7 |     6 |     5 ||    18
       Invisible         |       |       |     3 |     1 ||     4
       Distracted        |       |       |       |     3 ||     3
  Eat: Ration            |       |     1 |     3 |     1 ||     5
Armor: Robe              |     4 |    13 |    13 |     3 ||    33
Dodge: Dodged            |    38 |   106 |   164 |    92 ||   400

Table legend:
 A = Non-vault XP
 B = Vault XP
 C = Vault XP percentage of total XP
 D = Non-vault monster count
 E = Vault monster count
 F = Vault count percentage of total count
                 A         B        C        D         E       F
            +---------+---------+-------+---------+---------+-------
      Total |    3340 |    3859 |  53.6 |     151 |      34 |  18.4
            +---------+---------+-------+---------+---------+-------
        D:1 |      50 |       0 |   0.0 |      26 |       0 |   0.0
        D:2 |      67 |      48 |  41.7 |      15 |       1 |   6.2
        D:3 |      98 |      76 |  43.7 |      24 |       5 |  17.2
        D:4 |     247 |    1359 |  84.6 |      11 |       3 |  21.4
        D:5 |     649 |       0 |   0.0 |      15 |       0 |   0.0
        D:6 |     962 |       0 |   0.0 |      29 |       0 |   0.0
        D:7 |     977 |     229 |  19.0 |      26 |       1 |   3.7
        D:8 |     290 |    1927 |  86.9 |       5 |      11 |  68.8
    Ossuary |       0 |     220 | 100.0 |       0 |      13 | 100.0
            +---------+---------+-------+---------+---------+-------
